[Event "*** SCC Grand Prix: Titled Tuesday Blitz"]
[Site "Chess.com"]
[Date "2020.06.02"]
[Round "4"]
[White "sotochess"]
[Black "KejJaj"]
[Result "1-0"]
[WhiteElo "2241"]
[BlackElo "2020"]
[TimeControl "180+1"]
[EndTime "10:38:42 PDT"]
[Termination "sotochess won by resignation"]

1. e4 c5 2. Nf3 d6 3. d4 cxd4 4.
Nxd4 Nf6 5. f3 g6 6. c4 Nc6 7.
Nc3 Bg7 8. Nc2 O-O 9. Be3 Bd7 10. Qd2 Rb8 11. Be2 a6 12. O-O Ne5 13. a4 b6 14.
Rfd1 Qc8 15. b3 Re8 16. Rac1 Bc6 17. Nb4 Bb7 18. Ncd5 Nxd5 19. cxd5 Qd8 20. Nxa6 Rc8 21. Nb4 Nd7 22. Bb5 Rf8 23. Nc6 Qe8 24. b4 f5 25.
exf5 Rxf5 26. Bf2 Qf7 27. Re1 Re8 28. Rcd1 g5 29. Nd4 Rxd5 30. Bxd7 Rf8 31. Be6 1-0

[Event "*** SCC Grand Prix: Titled Tuesday Blitz"]
[Site "Chess.com"]
[Date "2020.06.02"]
[Round "4"]
[White "Abund"]
[Black "InitiatingASC"]
[Result "1-0"]
[WhiteElo "2611"]
[BlackElo "2393"]
[TimeControl "180+1"]
[EndTime "10:38:43 PDT"]
[Termination "Abund won by checkmate"]

1. d4 Nf6 2. c4 e6 3. Nc3 b6 4. e4 d6 5. Bd3 Nbd7 6. Nge2 c5 7. d5 e5 8. Ng3 g6 9. h4 h5 10. Bg5 Bg7 11. Qd2 a6 12. a3 Qc7 13.
Rc1 Nf8 14. b4 N8h7 15. Be3 Ng4 16. Bg5 Nxg5 17. hxg5 f5 18. exf5 gxf5 19. Bxf5 Kd8 20. Nce4 h4 21. Bxc8 hxg3 22. Rxh8+ Bxh8 23. Bxg4 Qh7 24. Qe3 Kc7 25. fxg3 Rf8 26. Ke2 Qh2 27. Bf3 Bg7 28. bxc5 bxc5 29. Rb1 Qh7 30. Qb3 Kd8 31. Qb8+ Ke7 32. Qxd6+ Kf7 33. Qe6# 1-0

[Event "*** SCC Grand Prix: Titled Tuesday Blitz"]
[Site "Chess.com"]
[Date "2020.06.02"]
[Round "4"]
[White "Dynamikus"]
[Black "penguingm1"]
[Result "1-0"]
[WhiteElo "2756"]
[BlackElo "2942"]
[TimeControl "180+1"]
[EndTime "10:38:45 PDT"]
[Termination "Dynamikus won by resignation"]

1. e4 e5 2. f4 exf4 3. Bc4 Nf6 4. Nc3 c6 5. d4 d5 6. exd5 Bb4 7. Ne2 f3 8. gxf3 Nxd5 9. O-O O-O 10. Nxd5 cxd5 11. Bb3 Bd6 12. Ng3 Re8 13. f4 Nc6 14. c3 Ne7 15. Bc2 Bh3 16. Qh5 Bxf1 17. Qxh7+ Kf8 18.
Nh5 Nf5 19. Bxf5 Re1 20. Qxg7+ Ke8 21. Nf6+ Ke7 22. Nxd5+ Ke8 23. Kf2 Qh4+ 24. Qg3 Rd1 25. Qxh4 1-0

[Event "*** SCC Grand Prix: Titled Tuesday Blitz"]
[Site "Chess.com"]
[Date "2020.06.02"]
[Round "4"]
[White "serhanberat_ozdemir"]
[Black "Maghalashvili"]
[Result "0-1"]
[WhiteElo "2525"]
[BlackElo "2777"]
[TimeControl "180+1"]
[EndTime "10:38:45 PDT"]
[Termination "Maghalashvili won by resignation"]

1. e4 c5 2. Nf3 d6 3. d4 cxd4 4. Nxd4 Nf6 5. Nc3 a6 6. f3 e5 7. Nb3 Be6 8. Be3 h5 9. Qd2 Nbd7 10. Nd5 Bxd5 11. exd5 g6 12. Be2 Rc8 13. Na5 Qc7 14.
c4 Bg7 15. O-O O-O 16. Rac1 Rfe8 17. b4 b6 18. Nc6 Nb8 19. Nxb8 Rxb8 20. Rfd1 Nd7 21.
a3 f5 22. f4 exf4 23. Bxf4 Re4 24. Bd3 Re7 25. Bg5 Re5 26. Bf4 Re7 27. Bg5 Bf6 28. Bxf6 Nxf6 29. c5 bxc5 30. bxc5 Ng4 31. Qg5 Kf7 32.
cxd6 Qb6+ 33. Kh1 Nf2+ 34. Kg1 Nh3+ 35. Kh1 Qg1+ 0-1

[Event "*** SCC Grand Prix: Titled Tuesday Blitz"]
[Site "Chess.com"]
[Date "2020.06.02"]
[Round "4"]
[White "rasmussvane"]
[Black "Leonid_Starozhilov"]
[Result "1-0"]
[WhiteElo "2895"]
[BlackElo "2720"]
[TimeControl "180+1"]
[EndTime "10:38:46 PDT"]
[Termination "rasmussvane won by resignation"]

1. Nf3 Nf6 2. g3 g6 3. Bg2 Bg7 4. O-O O-O 5. d4 d6 6. Re1 Bg4 7. e4 Nc6 8. h3 Bxf3 9. Bxf3 e5 10. dxe5 dxe5 11. c3 Qxd1 12. Rxd1 Rfd8 13. Rxd8+ Rxd8 14. Be3 Nd7 15. Nd2 Bf8 16. b4 a6 17. a4 h5 18. Nb3 Kh7 19. Bg5 f6 20. Bd2 Bh6 21.
Be1 Nb6 22. Be2 Kg7 23. Nc5 Rb8 24. a5 Nc8 25. Ne6+ Kh7 26. Nxc7 Nd6 27. Nd5 Nxe4 28.
Bf3 Nd2 29. Bxd2 Bxd2 30. Rd1 Bh6 31. Nxf6+ Kg7 32. Ne4 h4 33. gxh4 Bf4 34. Nc5 b6 35.
Ne6+ Kf6 36. Nxf4 1-0

[Event "*** SCC Grand Prix: Titled Tuesday Blitz"]
[Site "Chess.com"]
[Date "2020.06.02"]
[Round "4"]
[White "BakaPG"]
[Black "ChainsOfFantasia"]
[Result "1-0"]
[WhiteElo "2687"]
[BlackElo "2484"]
[TimeControl "180+1"]
[EndTime "10:38:47 PDT"]
[Termination "BakaPG won by resignation"]

1. e4 e6 2. d4 d5 3. e5 c5 4. c3 Nc6 5. Nf3 Qb6 6. a3 c4 7. Nbd2 f6 8. Be2 fxe5 9. Nxe5 Nxe5 10. dxe5 Bc5 11. O-O Ne7 12. b4 cxb3 13. Nxb3 O-O 14. Nxc5 Qxc5 15. Be3 Qc7 16. f4 Rf7 17. Bd4 Bd7 18.
Bd3 g6 19. Qg4 Nf5 20. Bxf5 Rxf5 21. Rf3 Bb5 22. Re1 Qe7 23. Qg3 Qxa3 24. Qf2 Qe7 25. g4 Rf7 26. f5 gxf5 27. gxf5 Kh8 28. f6 Rg8+ 29. Kh1 Qe8 30. h3 a5 31. Kh2 a4 32. Bc5 Rg6 33. Rg1 Rxg1 34. Qxg1 b6 35. Bd6 Ra7 36. Qxb6 Qa8 37. f7 1-0

[Event "*** SCC Grand Prix: Titled Tuesday Blitz"]
[Site "Chess.com"]
[Date "2020.06.02"]
[Round "4"]
[White "Cocaino74"]
[Black "Campelov"]
[Result "0-1"]
[WhiteElo "2315"]
[BlackElo "2167"]
[TimeControl "180+1"]
[EndTime "10:38:47 PDT"]
[Termination "Campelov won by resignation"]

1. e4 e6 2. d4 d5 3. Nd2 Nf6 4. e5 Nfd7 5. Bd3 c5 6. c3 Nc6 7.
Ne2 cxd4 8. cxd4 f6 9. exf6 Nxf6 10. O-O Bd6 11. Nf3 Qc7 12. g3 O-O 13. Bf4 Ne4 14.
Bxd6 Qxd6 15. Nc3 Nxc3 16. bxc3 e5 17. dxe5 Nxe5 18. Be2 Bh3 19. Re1 Qf6 20. Qxd5+ Nf7 21. Bc4 Kh8 22. Re3 Nd6 23. Be2 Nf5 24. Re6 Qxc3 25. Ng5 Qxa1+ 26. Bd1 h6 27. Nxh3 Rad8 0-1

[Event "*** SCC Grand Prix: Titled Tuesday Blitz"]
[Site "Chess.com"]
[Date "2020.06.02"]
[Round "4"]
[White "baki83"]
[Black "Muradore"]
[Result "1-0"]
[WhiteElo "2831"]
[BlackElo "2607"]
[TimeControl "180+1"]
[EndTime "10:38:51 PDT"]
[Termination "baki83 won by resignation"]

1. e4 c5 2. Nf3 d6 3. c3 Bg4 4.
Be2 Nf6 5. h3 Bxf3 6. Bxf3 e6 7.
e5 Nd5 8. c4 Nb4 9. Bxb7 Nd7 10. Bxa8 Qxa8 11. O-O Nxe5 12. Qa4+ Nbc6 13. Nc3 Be7 14.
Rd1 O-O 15. d3 Nd4 16. Be3 Nec6 17. Re1 Bf6 18. Ne4 Be7 19. Rad1 f5 20. Nc3 Bf6 21. Bxd4 Nxd4 22. Nb5 Nxb5 23. Qxb5 Qc8 24. b4 Bc3 25. Re2 cxb4 26. d4 Kf7 27. c5 Rd8 28. d5 e5 29. c6 Qc7 30. Qd3 g6 31. a3 a5 32.
axb4 Bxb4 33. Rb1 Kf6 34. Qc4 Rb8 35. Qh4+ Kg7 36. Reb2 Qf7 37. Qc4 f4 38. Rxb4 axb4 39. Rxb4 Rxb4 40. Qxb4 Qxd5 41. c7 Qc6 42. Qb8 f3 43.
c8=Q Qc1+ 44. Qxc1 1-0

[Event "*** SCC Grand Prix: Titled Tuesday Blitz"]
[Site "Chess.com"]
[Date "2020.06.02"]
[Round "4"]
[White "dalmatinac101"]
[Black "antoszu"]
[Result "1-0"]
[WhiteElo "2855"]
[BlackElo "2541"]
[TimeControl "180+1"]
[EndTime "10:38:51 PDT"]
[Termination "dalmatinac101 won by resignation"]

1. g3 d5 2. Bg2 c6 3. Nf3 Bg4 4. c4 e6 5. cxd5 Bxf3 6. Bxf3 cxd5 7. O-O Nc6 8. d4 Bd6 9. Nc3 Nf6 10. e4 dxe4 11.
Nxe4 Nxe4 12. Bxe4 O-O 13. d5 exd5 14. Qxd5 Be7 15.
Be3 Qxd5 16. Bxd5 Bf6 17. Rac1 Rfd8 18. Bxc6 bxc6 19. b3 Rd6 20. Rfd1 Rxd1+ 21. Rxd1 a5 22. Rd7 h6 23. Rc7 a4 24. Rxc6 axb3 25. axb3 Rb8 26.
Rb6 Rxb6 27. Bxb6 Bc3 28. Kf1 f5 29. Ke2 Kf7 30. Kd3 Be1 31. Kc4 Ke6 32. b4 Kd6 33. b5 g5 34. Be3 Ba5 35. f3 Be1 36. g4 fxg4 37. fxg4 Kc7 38. Bd4 Bh4 39. Bg7 Kb6 40. Bxh6 1-0

[Event "*** SCC Grand Prix: Titled Tuesday Blitz"]
[Site "Chess.com"]
[Date "2020.06.02"]
[Round "4"]
[White "elohunter1999"]
[Black "Spartakus1975"]
[Result "1-0"]
[WhiteElo "2515"]
[BlackElo "2689"]
[TimeControl "180+1"]
[EndTime "10:38:51 PDT"]
[Termination "elohunter1999 won on time"]

1. e4 e6 2. d4 d5 3. Nc3 Nf6 4. e5 Nfd7 5. f4 c5 6. Nf3 Nc6 7. Be3 Be7 8. Qd2 O-O 9. dxc5 Nxc5 10. a3 a6 11. Qf2 b6 12. b4 Nd7 13. Bd3 a5 14. b5 Na7 15. O-O Nc5 16. Nd4 Bd7 17.
a4 Rc8 18. Nce2 Nxd3 19. cxd3 f6 20. Qg3 f5 21. Kh1 Qe8 22. Rac1 Qh5 23. Qf2 Ba3 24. Ra1 Bc5 25. Nf3 Rc7 26. Rac1 Rfc8 27. Bxc5 Rxc5 28. Rxc5 Rxc5 29. Rc1 Rxc1+ 30. Nxc1 Qg4 31. Ne2 Nc8 32. Qd4 Qh5 33. Qc3 Qe8 34. Qc7 Qe7 35. Ned4 1-0

[Event "*** SCC Grand Prix: Titled Tuesday Blitz"]
[Site "Chess.com"]
[Date "2020.06.02"]
[Round "4"]
[White "Mazetovic"]
[Black "TokChess"]
[Result "1-0"]
[WhiteElo "2637"]
[BlackElo "2351"]
[TimeControl "180+1"]
[EndTime "10:38:51 PDT"]
[Termination "Mazetovic won by resignation"]

1. e4 c5 2. Nf3 e6 3. d4 cxd4 4. Nxd4 a6 5. c4 Nf6 6. Nc3 Qc7 7. Be2 d6 8. O-O Be7 9. f4 O-O 10. Be3 Nbd7 11. Rc1 b6 12. Bf3 Bb7 13. g4 Nc5 14. Qc2 e5 15. Nf5 Rfe8 16. g5 Nfd7 17. Nxe7+ Rxe7 18. f5 b5 19. b4 Na4 20. Nxa4 bxa4 21. Qxa4 g6 22. f6 Ree8 23. Rfd1 Nf8 24. c5 dxc5 25. Rxc5 Qb8 26. Qa5 Ne6 27. Rxe5 Qc8 28. Qb6 Rb8 29. Qd6 Qc2 30. Qd2 Qc4 31. Rc1 Nxg5 32. Rxg5 1-0

[Event "*** SCC Grand Prix: Titled Tuesday Blitz"]
[Site "Chess.com"]
[Date "2020.06.02"]
[Round "4"]
[White "Denis_Palkovich"]
[Black "Twiceblessed"]
[Result "0-1"]
[WhiteElo "2318"]
[BlackElo "2515"]
[TimeControl "180+1"]
[EndTime "10:38:51 PDT"]
[Termination "Twiceblessed won on time"]

1. d4 Nf6 2. Bf4 e6 3. e3 d5 4. Nd2 Bd6 5. Bd3 c5 6. c3 Qc7 7.
Bxd6 Qxd6 8. f4 Nc6 9. Ngf3 cxd4 10. exd4 Qxf4 11. Qe2 Bd7 12. O-O Qc7 13. Ne5 Rf8 14.
a4 O-O-O 15. a5 Kb8 16. b4 Bc8 17. Nb3 Nxe5 18. dxe5 Nd7 19. Nd4 Qxc3 20. Nb5 Qxe5 21. Qf2 d4 22. Nxd4 Nc5 23. Nf3 Nxd3 24. Nxe5 Nxf2 25. Rxf2 f6 26. Nc4 Rd4 27. Ne3 Rxb4 28. Nc2 Rb2 29. Rc1 Bd7 30. Nd4 Rxf2 31. Kxf2 Rc8 32.
Re1 e5 33. Nb3 Rc2+ 34. Re2 Rxe2+ 35. Kxe2 Bc6 36. g3 Kc7 37. Ke3 Kd6 38. Nd2 Kc5 0-1

[Event "*** SCC Grand Prix: Titled Tuesday Blitz"]
[Site "Chess.com"]
[Date "2020.06.02"]
[Round "4"]
[White "ditkin25"]
[Black "Khazieva_Elza"]
[Result "0-1"]
[WhiteElo "2429"]
[BlackElo "2269"]
[TimeControl "180+1"]
[EndTime "10:38:51 PDT"]
[Termination "Khazieva_Elza won by checkmate"]

1. e4 c5 2. Nf3 d6 3. d4 cxd4 4. Nxd4 Nf6 5. f3 e5 6. Nb3 Nc6 7. c4 Be7 8. Be3 O-O 9. Nc3 Be6 10. Be2 a6 11. O-O Rc8 12. Rc1 Nd7 13. Qd2 f5 14.
exf5 Bxf5 15. Nd5 Bf6 16. Bd3 Bxd3 17. Qxd3 Bg5 18. Rcd1 Bxe3+ 19. Qxe3 Qh4 20. Nd2 Nd4 21. b3 Kh8 22. Ne4 Rc6 23. f4 Nf5 24. Qf2 Qh6 25. fxe5 Nxe5 26. Ne7 Ng4 27. Nxf5 Qxh2# 0-1

[Event "*** SCC Grand Prix: Titled Tuesday Blitz"]
[Site "Chess.com"]
[Date "2020.06.02"]
[Round "4"]
[White "praveenb2002"]
[Black "Oglob71"]
[Result "1-0"]
[WhiteElo "2736"]
[BlackElo "2514"]
[TimeControl "180+1"]
[EndTime "10:38:52 PDT"]
[Termination "praveenb2002 won by resignation"]

1. e4 c5 2. Nf3 d6 3. d4 cxd4 4. Nxd4 Nf6 5. Nc3 Nc6 6. Bg5 Bd7 7. Qd2 Rc8 8. O-O-O Nxd4 9. Qxd4 Qa5 10. f4 Rxc3 11. bxc3 e5 12. Qb4 Qxb4 13. cxb4 Nxe4 14. Bh4 g5 15.
fxg5 Be7 16. Bc4 Nxg5 17. Kb2 h6 18. Bd5 b6 19. Rd3 Ne6 20. Bxe7 Kxe7 21. Ra3 Nc7 22. Rd1 a6 23. Bc4 b5 24. Bxf7 Kxf7 25. Rxd6 Ke7 26.
Rb6 Rg8 27. Rxh6 Bf5 28. Rc3 Nd5 29. Rc5 Be6 30. Rc6 Bd7 31. Rh7+ Kd8 32. Rd6 Nxb4 33. Rdxd7+ Kc8 34. Ra7 Kb8 35. Rhb7+ Kc8 36. Ra8+ 1-0

[Event "*** SCC Grand Prix: Titled Tuesday Blitz"]
[Site "Chess.com"]
[Date "2020.06.02"]
[Round "4"]
[White "stanyga"]
[Black "Love_craft"]
[Result "1-0"]
[WhiteElo "2647"]
[BlackElo "2454"]
[TimeControl "180+1"]
[EndTime "10:38:52 PDT"]
[Termination "stanyga won on time"]

1. d4 Nf6 2. c4 g6 3. g3 Bg7 4. Bg2 O-O 5. Nc3 d6 6. e4 Nbd7 7. Nge2 e5 8. d5 Ne8 9. Be3 f5 10. exf5 gxf5 11. f4 Nef6 12. h3 Qe7 13. Qd2 e4 14. Nd4 Nc5 15. O-O-O Nd3+ 16. Kb1 c5 17. dxc6 bxc6 18. Nxc6 Qc7 19. g4 Be6 20. gxf5 Bxc4 21. Nxe4 Nxb2 22. Nxf6+ Bxf6 23. Rdg1 Kh8 24. Bd4 Nd3 25.
Qc3 Rab8+ 26. Ka1 Qf7 27. Bf1 1-0

[Event "*** SCC Grand Prix: Titled Tuesday Blitz"]
[Site "Chess.com"]
[Date "2020.06.02"]
[Round "4"]
[White "Reinaldovera"]
[Black "Diego_FloresQ"]
[Result "0-1"]
[WhiteElo "2239"]
[BlackElo "2436"]
[TimeControl "180+1"]
[EndTime "10:38:53 PDT"]
[Termination "Diego_FloresQ won on time"]

1. d4 Nf6 2. c4 c5 3. d5 e6 4. Nc3 exd5 5. cxd5 d6 6. e4 g6 7. f4 Bg7 8. Bb5+ Nfd7 9. Be2 Qh4+ 10. g3 Qe7 11. Nf3 O-O 12. O-O Nf6 13. e5 Ng4 14. h4 dxe5 15. d6 Qd8 16. fxe5 Nxe5 17. Bg5 Qa5 18. Nxe5 Bxe5 19. Be7 Bh3 20. Qd5 Bd4+ 21.
Kh2 Bxf1 22. Rxf1 Nc6 23. Bc4 Ne5 24. Bb3 Ng4+ 25. Kh3 Ne3 26. Qf3 c4 27. Bxf8 Rxf8 28. Bxc4 Nxc4 29. Nd5 Nxd6 30. Ne7+ Kg7 31. g4 Qe5 32.
Nd5 Ne4 0-1

[Event "*** SCC Grand Prix: Titled Tuesday Blitz"]
[Site "Chess.com"]
[Date "2020.06.02"]
[Round "4"]
[White "BLITZMASTER"]
[Black "SahajGrover"]
[Result "1-0"]
[WhiteElo "2522"]
[BlackElo "2702"]
[TimeControl "180+1"]
[EndTime "10:38:54 PDT"]
[Termination "BLITZMASTER won by resignation"]

1. e4 c5 2. Nf3 e6 3. d4 cxd4 4. Nxd4 Nf6 5. Nc3 Nc6 6. Ndb5 Bc5 7. Bf4 O-O 8. Bc7 Qe7 9. Bd6 Bxd6 10. Qxd6 Qd8 11. O-O-O a6 12. Nd4 Ne7 13. Be2 Ne8 14.
Qg3 d6 15. f4 b5 16. Bd3 Qa5 17. Kb1 Bb7 18. Nf3 b4 19. Ne2 Nf6 20. Ng5 h6 21. e5 dxe5 22. fxe5 Nfd5 23. Nh7 Rfc8 24. Nf6+ Kh8 25. Rhf1 Nc3+ 26. bxc3 bxc3 27. Ka1 Bd5 28. Nxd5 Nxd5 29. Rxf7 1-0

[Event "*** SCC Grand Prix: Titled Tuesday Blitz"]
[Site "Chess.com"]
[Date "2020.06.02"]
[Round "4"]
[White "Biranidun"]
[Black "themind1hunter"]
[Result "1-0"]
[WhiteElo "2707"]
[BlackElo "2497"]
[TimeControl "180+1"]
[EndTime "10:38:54 PDT"]
[Termination "Biranidun won by resignation"]

1. e4 c5 2. Nf3 d6 3. d4 cxd4 4. Nxd4 Nf6 5. Nc3 a6 6. f3 e5 7. Nb3 Be6 8. Be3 h5 9. Qd2 Nbd7 10. Nd5 Bxd5 11. exd5 Qc7 12. c4 g6 13. Be2 Bg7 14.
Na5 e4 15. O-O exf3 16. gxf3 O-O 17. Rac1 Rae8 18. b4 Kh7 19. Kg2 h4 20. Bg5 Nh5 21.
Rce1 Ne5 22. f4 f6 23. Bxh4 Bh6 24. Qd4 b6 25. Nb3 Nd7 26. Bxh5 gxh5 27. Qd3+ Kh8 28.
Nd4 Rxe1 29. Rxe1 Rg8+ 30. Kh1 Bxf4 31. Qf3 Rg4 32. Re8+ Kh7 33. Qe4+ Rg6 34. Re7+ 1-0

[Event "*** SCC Grand Prix: Titled Tuesday Blitz"]
[Site "Chess.com"]
[Date "2020.06.02"]
[Round "4"]
[White "I_Hit_18K_on_BS"]
[Black "VinzentSpitzl"]
[Result "0-1"]
[WhiteElo "2097"]
[BlackElo "2388"]
[TimeControl "180+1"]
[EndTime "10:38:54 PDT"]
[Termination "VinzentSpitzl won by resignation"]

1. e4 c6 2. d4 d5 3. e5 c5 4.
dxc5 e6 5. Nf3 Bxc5 6. a3 Nc6 7. b4 Bb6 8. Bb2 Nge7 9. Bd3 Ng6 10. Qd2 Qc7 11. Qg5 d4 12. O-O Ncxe5 13. Nxd4 Nxd3 14. cxd3 O-O 15. h4 Qf4 16. Nf3 h6 17. Qxf4 Nxf4 18. d4 Bd7 19. Nc3 Nd3 20. Rab1 Rac8 21. Ne4 Rc2 22. Nc5 Bxc5 23. dxc5 Rxb2 24. Rbd1 Bb5 25. a4 Bc4 26. Nd2 Bd5 27. Nf3 Nxb4 28. Ne5 Nc6 29. Nd7 Rd8 0-1

[Event "*** SCC Grand Prix: Titled Tuesday Blitz"]
[Site "Chess.com"]
[Date "2020.06.02"]
[Round "4"]
[White "Misticpikachu"]
[Black "ShieldingOff"]
[Result "1-0"]
[WhiteElo "2251"]
[BlackElo "2041"]
[TimeControl "180+1"]
[EndTime "10:38:54 PDT"]
[Termination "Misticpikachu won on time"]

1. c4 Nf6 2. Nc3 g6 3. e4 d6 4.
d4 Bg7 5. h3 O-O 6. Be3 c6 7.
g4 e5 8. d5 a5 9. Nge2 cxd5 10.
cxd5 Nbd7 11. Ng3 b6 12. Qd2 Nc5 13. f3 Re8 14. h4 Ba6 15. Bxa6 Rxa6 16. h5 Qd7 17.
Bh6 Bh8 18. Qg5 Nd3+ 19. Kf1 Nf4 20. Nf5 b5 21. Bg7 Bxg7 22. Nxg7 Kxg7 23. h6+ Kg8 24. Qxf6 Kf8 25. a3 b4 26. axb4 1-0

[Event "*** SCC Grand Prix: Titled Tuesday Blitz"]
[Site "Chess.com"]
[Date "2020.06.02"]
[Round "4"]
[White "abfchess"]
[Black "MarceloPlaya"]
[Result "1-0"]
[WhiteElo "2092"]
[BlackElo "2294"]
[TimeControl "180+1"]
[EndTime "10:38:54 PDT"]
[Termination "abfchess won on time"]

1. d4 e6 2. Nf3 Nf6 3. Bg5 d5 4. Nbd2 c5 5. e3 Nc6 6. c3 Be7 7. Bd3 O-O 8. O-O h6 9. Bh4 b6 10. Ne5 Bb7 11. f4 Nd7 12. Bxe7 Qxe7 13. Qf3 Rfd8 14.
Qh3 f5 15. g4 c4 16. Bc2 Ncxe5 17.
fxe5 Qg5 18. Rf4 Rf8 19. Kh1 Nxe5 20. gxf5 Nd3 21. Bxd3 cxd3 22. Rg1 Qe7 23. Qxh6 Rf6 24. Qh4 exf5 25. Rxf5 Raf8 26. Rfg5 R8f7 27. Rh5 1-0

[Event "*** SCC Grand Prix: Titled Tuesday Blitz"]
[Site "Chess.com"]
[Date "2020.06.02"]
[Round "4"]
[White "Gmedmundo"]
[Black "VitaliyBernadskiy"]
[Result "0-1"]
[WhiteElo "2486"]
[BlackElo "2685"]
[TimeControl "180+1"]
[EndTime "10:38:55 PDT"]
[Termination "VitaliyBernadskiy won by resignation"]

1. e4 c5 2. Nf3 d6 3. d4 cxd4 4. Nxd4 Nf6 5. Nc3 a6 6. Be3 e5 7. Nb3 Be6 8. f3 h5 9. Qd2 Nbd7 10. Nd5 Bxd5 11. exd5 g6 12. O-O-O Bg7 13. Kb1 O-O 14. Be2 Rc8 15. c4 b6 16. h4 a5 17. Na1 e4 18. f4 b5 19. Rc1 bxc4 20. Bxc4 Nb6 21.
Bb3 Rxc1+ 22. Rxc1 a4 23. Bc4 a3 24. Nb3 axb2 25. Rc2 Ng4 26. Bd4 e3 27. Bxe3 Nxc4 28. Rxc4 Nxe3 29. Qxe3 Re8 30. Re4 Rxe4 31. Qxe4 Qxh4 32.
Nd4 Qf6 33. Ne2 Qd8 34. a4 Qa5 35. Nd4 Qxa4 0-1

[Event "*** SCC Grand Prix: Titled Tuesday Blitz"]
[Site "Chess.com"]
[Date "2020.06.02"]
[Round "4"]
[White "sunofadawn"]
[Black "DanielMieles1985"]
[Result "1-0"]
[WhiteElo "2374"]
[BlackElo "2583"]
[TimeControl "180+1"]
[EndTime "10:38:55 PDT"]
[Termination "sunofadawn won on time"]

1. d4 d5 2. c4 e6 3. g3 c6 4. Bg2 dxc4 5. Nf3 b5 6. O-O Bb7 7.
b3 cxb3 8. Qxb3 Nf6 9. Bb2 Be7 10.
Ne5 O-O 11. Nd2 Nd5 12. a4 b4 13. a5 Na6 14. Ndc4 c5 15. Rfd1 Rb8 16. e4 Nf6 17. d5 exd5 18. exd5 Nxd5 19. Ne3 c4 20. N5xc4 Nc5 21. Qa2 b3 22. Qb1 Nxe3 23. Rxd8 Nxc4 24. Rxf8+ Bxf8 25. Bxb7 Rxb7 26. a6 Rd7 27. Bc3 b2 28.
Bxb2 Nb3 29. Ra2 Ncd2 30. Qf5 1-0

[Event "*** SCC Grand Prix: Titled Tuesday Blitz"]
[Site "Chess.com"]
[Date "2020.06.02"]
[Round "4"]
[White "Pavel_Mir"]
[Black "lelajavakhishvili"]
[Result "1-0"]
[WhiteElo "2281"]
[BlackElo "2492"]
[TimeControl "180+1"]
[EndTime "10:38:55 PDT"]
[Termination "Pavel_Mir won by resignation"]

1. e4 c5 2. Nf3 Nc6 3. Nc3 e6 4. d4 cxd4 5. Nxd4 a6 6. Be2 Qc7 7. O-O Nf6 8. Kh1 Bb4 9. Bg5 Bxc3 10. Bxf6 gxf6 11. bxc3 Ne5 12. f4 Nc4 13. Bxc4 Qxc4 14. Qd3 Qxd3 15. cxd3 b5 16. a4 bxa4 17. Rxa4 Ke7 18.
Rb1 h5 19. Kg1 Rg8 20. Kf2 h4 21. c4 Kd8 22. c5 Kc7 23. Nb5+ Kc6 24. d4 Bb7 25.
Nd6 Rgb8 26. Rab4 Ra7 27. Nxf7 a5 28. Rb6+ Kc7 29. Nd6 a4 30. Nb5+ Kd8 31. Nxa7 a3 32. Ra1 1-0

[Event "*** SCC Grand Prix: Titled Tuesday Blitz"]
[Site "Chess.com"]
[Date "2020.06.02"]
[Round "4"]
[White "Smile2005"]
[Black "floplover"]
[Result "1-0"]
[WhiteElo "2414"]
[BlackElo "2189"]
[TimeControl "180+1"]
[EndTime "10:38:55 PDT"]
[Termination "Smile2005 won by resignation"]

1. Nf3 d5 2. g3 e6 3. Bg2 Nf6 4. O-O Be7 5. d3 O-O 6. Nbd2 c5 7. e4 Nc6 8. e5 Nd7 9. Re1 Qc7 10. Qe2 b5 11. Nf1 Bb7 12. Bf4 Rfc8 13. h4 Qd8 14. N1h2 b4 15. h5 h6 16. Ng4 Bf8 17.
Ngh2 a5 18. g4 Be7 19. Qd2 Nd4 20. Nxd4 cxd4 21. Nf3 Qb6 22. g5 hxg5 23. Bxg5 f6 24. exf6 gxf6 25. Bh4 Kf7 26. Bh3 Rg8+ 27. Kh1 Nf8 28. Rg1 Rh8 29. h6 Bd6 30. Rae1 e5 31.
Rg7+ Ke8 32. Bxf6 Bc8 33. Bxc8 Rxc8 34. Qg5 Ne6 35. Qg6+ 1-0

[Event "*** SCC Grand Prix: Titled Tuesday Blitz"]
[Site "Chess.com"]
[Date "2020.06.02"]
[Round "4"]
[White "Girkassa"]
[Black "evgchess5"]
[Result "0-1"]
[WhiteElo "2529"]
[BlackElo "2849"]
[TimeControl "180+1"]
[EndTime "10:38:56 PDT"]
[Termination "evgchess5 won by checkmate"]

1. d4 d5 2. c4 e6 3. Nf3 Nf6 4. g3 dxc4 5. Bg2 Nc6 6. O-O Rb8 7. Bg5 Be7 8. Nc3 b5 9. Re1 O-O 10. e4 h6 11. Bxf6 Bxf6 12. e5 Be7 13. d5 exd5 14.
Nxd5 Be6 15. Nh4 Nb4 16. Nxe7+ Qxe7 17. Be4 Rfd8 18. Qf3 Nd3 19. Bxd3 Rxd3 20. Qc6 Qd7 21. Qc5 c6 22. Ng2 g5 23. h4 Qd4 24. Qe7 Rxg3 25. Kf1 Qd3+ 26. Kg1 Rxg2+ 27. Kxg2 Bd5+ 28. Kg1 Qf3 29. Kf1 Qh3+ 30. Ke2 Qd3# 0-1

[Event "*** SCC Grand Prix: Titled Tuesday Blitz"]
[Site "Chess.com"]
[Date "2020.06.02"]
[Round "4"]
[White "mohssenbinaddi"]
[Black "killer311"]
[Result "0-1"]
[WhiteElo "2073"]
[BlackElo "2392"]
[TimeControl "180+1"]
[EndTime "10:38:57 PDT"]
[Termination "killer311 won by resignation"]

1. Nf3 d5 2. g3 Nf6 3. Bg2 c6 4. c4 Bg4 5. cxd5 Bxf3 6. Bxf3 cxd5 7. Qb3 Qd7 8. Nc3 e6 9. d3 Nc6 10. Bg2 Bc5 11. O-O O-O 12. e3 Rac8 13. d4 Be7 14. Qa4 a6 15. Bd2 Nb4 16. Qxd7 Nxd7 17. Rfc1 Nb6 18. Bf1 Nc4 19. Be1 Nxb2 20. Rab1 N2d3 21. Nxd5 exd5 22. Bxb4 Nxb4 23. Rxc8 Rxc8 24. a3 Nc2 25. Rxb7 Bxa3 26. Bxa6 Ra8 27. Bd3 Nb4 28. Bb5 g6 29. h4 h5 30. e4 dxe4 31. Bc4 Rf8 32. d5 Nd3 33. Rb3 Bc5 34. Bxd3 exd3 35. Rxd3 Rd8 36. Kg2 Kf8 37. Kf3 Ke7 38. Rd2 Kd6 39. Ke4 Re8+ 40.
Kf3 Re5 41. Ra2 Rxd5 42. Ra6+ Ke5 0-1

[Event "*** SCC Grand Prix: Titled Tuesday Blitz"]
[Site "Chess.com"]
[Date "2020.06.02"]
[Round "4"]
[White "RobertPrieb2007"]
[Black "youngKID"]
[Result "1-0"]
[WhiteElo "2529"]
[BlackElo "2772"]
[TimeControl "180+1"]
[EndTime "10:38:58 PDT"]
[Termination "RobertPrieb2007 won by resignation"]

1. d4 Nf6 2. c4 Nc6 3. d5 Ne5 4. Nc3 e6 5. e4 Bb4 6. Bd2 exd5 7. cxd5 O-O 8. Nf3 Nxf3+ 9. gxf3 d6 10. Rg1 Re8 11.
Bc4 Bf5 12. Be3 Bg6 13. Bd3 c6 14. dxc6 bxc6 15. Qb3 Rb8 16. Bxa7 Rb7 17. Bd4 c5 18. Bxf6 Qxf6 19. Ke2 Reb8 20. Ba6 Bxc3 21. Bxb7 Bd4 22. Rab1 Qe7 23. Qd5 Qxb7 24. Qxb7 Rxb7 25. Kd3 Bxf2 26. Rg2 Bd4 27. b4 f5 28. b5 fxe4+ 29. fxe4 d5 30.
Rxg6 dxe4+ 31. Kxe4 hxg6 32. b6 Bf2 33. a4 c4 34. a5 c3 35. Kd3 c2 36. Kxc2 Kf7 37.
Rf1 1-0

[Event "*** SCC Grand Prix: Titled Tuesday Blitz"]
[Site "Chess.com"]
[Date "2020.06.02"]
[Round "4"]
[White "cukin84"]
[Black "QueenOfTactics90"]
[Result "1-0"]
[WhiteElo "2207"]
[BlackElo "1958"]
[TimeControl "180+1"]
[EndTime "10:38:58 PDT"]
[Termination "cukin84 won by resignation"]

1. e4 c5 2. Nc3 Nc6 3. Bb5 g6 4. Bxc6 dxc6 5. d3 Bg7 6. f4 e5 7.
Nf3 exf4 8. Bxf4 Ne7 9. O-O O-O 10. Qd2 Re8 11. Bh6 Bh8 12. Ng5 Bd4+ 13. Kh1 f5 14. Rae1 b5 15. Nd1 Bd7 16. Nf2 Nc8 17. Nfh3 Nd6 18.
c3 Bf6 19. Qf4 Be5 20. Qh4 Nf7 21. d4 c4 22. dxe5 Rxe5 23. Qg3 Qe7 24. Nxf7 Kxf7 25. exf5 Rxe1 26. Rxe1 Qf6 27. fxg6+ hxg6 28. Ng5+ Kg8 29. h3 Re8 30. Rxe8+ Bxe8 31. Nf3 Kh7 32. Be3 Qe7 33. Bd4 Qe4 34. Ng5+ 1-0